 Dungeon Crawl Stone Soup version 0.19.5 (webtiles) character file.

1083 Peloso the Slasher (level 8, -7/70 HPs)
             Began as a Minotaur Fighter on Apr 22, 2017.
             Mangled by an orc warrior
             ... wielding a +0 trident
              (8 damage)
             ... on level 6 of the Dungeon.
             The game lasted 00:07:35 (3531 turns).

Peloso the Slasher (Minotaur Fighter)               Turns: 3531, Time: 00:07:37

Health: -7/70      AC:  9    Str: 21    XL:     8   Next: 8%
Magic:  2/2        EV: 12    Int: 10    God:
Gold:   342        SH: 10    Dex: 12    Spells: 0 memorised, 7 levels left

rFire  . . .     SeeInvis +     v - +10 flail of the Lurker {antimagic, Int+5}
rCold  . . .     Gourm    .     b - +0 scale mail
rNeg   . . .     Faith    .     c - +0 shield
rPois  .         Spirit   .     (helmet restricted)
rElec  .         Reflect  .     (no cloak)
rCorr  .         Harm     .     l - +1 pair of gloves
MR     .....                    (no boots)
Stlth  ..........               (no amulet)
                                z - ring of see invisible (curse)
                                i - +3 ring of evasion

@: lethally poisoned (-7 -> -18), flying
A: retaliatory headbutt, horns 2
a: no special abilities


You were on level 6 of the Dungeon.
You were hungry.

You visited 1 branch of the dungeon, and saw 6 of its levels.

You collected 342 gold pieces.

Inventory:

Hand Weapons
 a - a +0 long sword
 v - the +10 flail of the Lurker (weapon) {antimagic, Int+5}
   (You found it on level 4 of the Dungeon)

   It reduces the magical energy of the wielder, and disrupts the spells and
   magical abilities of those hit.
   Natural abilities and divine invocations are not affected.
   It affects your intelligence (+5).
Armour
 b - a +0 scale mail (worn)
 c - a +0 shield (worn)
 l - a +1 pair of gloves (worn)
Jewellery
 i - a +3 ring of evasion (left hand)
 z - a cursed ring of see invisible (right hand)
Wands
 w - a wand of lightning (4/15)
Scrolls
 g - 3 scrolls of recharging {unknown}
 h - 3 scrolls of fog {unknown}
 j - a scroll of teleportation {unknown}
 o - 2 scrolls of random uselessness {unknown}
 p - a scroll of amnesia {unknown}
 r - 4 scrolls of identify {unknown}
 s - a scroll of fear {unknown}
 u - a scroll of remove curse {unknown}
 x - a scroll of blinking {unknown}
 y - a scroll of enchant weapon {unknown}
 B - a scroll of immolation {unknown}
Potions
 d - 2 potions of might
 e - a potion of degeneration {unknown}
 m - 2 potions of flight
 q - 2 potions of curing {unknown}
 t - a potion of magic {unknown}
Comestibles
 f - 3 bread rations
 k - a meat ration
 n - a slice of pizza
 A - a beef jerky
 C - 5 fruits


   Skills:
 + Level 5.8 Fighting
 + Level 6.7 Long Blades
 + Level 2.8 Maces & Flails
 + Level 5.8 Armour
 + Level 2.2 Dodging
 + Level 0.3 Stealth
 + Level 6.4 Shields


You had 7 spell levels left.
You didn't know any spells.

Dungeon Overview and Level Annotations

Branches:
Dungeon (6/15)
 Temple: D:4-7

Altars:


Innate Abilities, Weirdness & Mutations

You reflexively headbutt those who attack you in melee.
You have a pair of horns on your head.


Message History

The orc hits you with a trident of venom.
* * * LOW HITPOINT WARNING * * *
You are poisoned.
The orc closely misses you.
Unknown command.
You feel sick.
The orc warrior hits you from afar with a trident!
* * * LOW HITPOINT WARNING * * *
The orc hits you with a trident of venom.
* * * LOW HITPOINT WARNING * * *
You are more poisoned.
There is a stone staircase leading up, spattered with blood here.
You see here 3 arrows.
It was a potion of flight.
You feel very buoyant.
You fly up into the air.
* * * LOW HITPOINT WARNING * * *
You feel sick.
The orc warrior hits you from afar with a trident!
You die...

######
#....#
#@[..#
#oo..#
#o...#
#o...#
#.>..#
#..(.#
#.((.#
#.....#
...###.#


You could see an orc warrior, an orc priest and 2 orcs.

Vanquished Creatures
  The ghost of tschems the Chopper, a novice HuFi (D:5)
  2 phantoms (D:4)
  A centaur (D:6)
  A scorpion (D:5)
  A quasit (D:3)
  2 orc priests (D:4)
  2 orc wizards
  An iguana (D:6)
  A worker ant (D:4)
  6 adders
  2 shadow imps
  4 worms
  5 dart slugs (D:1)
  A leopard gecko (D:4)
  11 orcs
  A ball python (D:1)
  9 bats
  7 giant cockroaches
  6 goblins
  5 hobgoblins
  A jackal (D:1)
  10 kobolds
  2 quokkas
  2 frilled lizards (D:3)
  9 rats
93 creatures vanquished.

Notes
Turn   | Place    | Note
-------+----------+-------------------------------------------
     0 | D:1      | Peloso the Minotaur Fighter began the quest for the Orb.
     0 | D:1      | Reached XP level 1. HP: 19/19 MP: 0/0
   197 | D:1      | Reached XP level 2. HP: 27/27 MP: 1/1
   314 | D:1      | Reached XP level 3. HP: 33/33 MP: 2/2
   958 | D:2      | Reached XP level 4. HP: 37/40 MP: 3/3
  1309 | D:3      | Reached skill level 5 in Shields
  1402 | D:3      | Reached XP level 5. HP: 46/46 MP: 4/4
  1623 | D:3      | Reached skill level 1 in Dodging
  1859 | D:4      | Got a fine flail
  1860 | D:4      | Identified the +10 flail of the Lurker {antimagic, Int+5} (You found it on level 4 of the Dungeon)
  1934 | D:4      | Noticed a phantom
  1948 | D:4      | Killed a phantom
  1948 | D:4      | Reached skill level 5 in Long Blades
  1948 | D:4      | Reached XP level 6. HP: 41/53 MP: 5/5
  2486 | D:5      | Entered Level 5 of the Dungeon
  2548 | D:5      | Noticed tschems's ghost (novice HuFi)
  2595 | D:4      | Reached XP level 7. HP: 16/60 MP: 2/6
  2830 | D:5      | Killed tschems's ghost
  2830 | D:5      | Reached skill level 5 in Fighting
  2830 | D:5      | Reached skill level 5 in Armour
  3514 | D:6      | Reached XP level 8. HP: 55/70 MP: 7/7
  3530 | D:6      | HP: 2/70 [orc/trident of venom (3)]
  3531 | D:6      | Mangled by an orc warrior

Skill      XL: |  1  2  3  4  5  6  7 |
---------------+----------------------+-----
Shields        | 4 5 6 |  6.4
Armour         | 4 5 |  5.8
Fighting       | 4 5 |  5.8
Long Blades    | 3 5 6 |  6.7
Dodging        | 1 2 |  2.2
Maces & Flails | 2 |  2.8
Stealth        | |  0.3

Action                   |  1- 3 |  4- 6 |  7- 9 || total
-------------------------+-------+-------+-------++-------
Melee: Long sword        |    81 |   137 |    14 ||   232
       Headbutt          |    14 |    28 |    10 ||    52
       Flail             |       |    10 |    19 ||    29
  Use: Potion            |       |       |     1 ||     1
  Eat: Chunk             |       |     6 |     2 ||     8
Armor: Scale mail        |    40 |    60 |     9 ||   109
Dodge: Dodged            |    29 |    61 |    25 ||   115
Block: Shield            |    55 |    72 |    24 ||   151
       Rpst.: Long sword |     6 |     9 |     6 ||    21
